 Dungeon Crawl Stone Soup version 0.19.1 (webtiles) character file.

85 Promit the Digger (level 4, -7/33 HPs)
             Began as a Draconian Earth Elementalist on Dec 22, 2016.
             Was an Initiate of Vehumet.
             Mangled by an orc warrior
             ... wielding a +2 flail of holy wrath
              (12 damage)
             ... on level 2 of the Dungeon.
             The game lasted 00:10:27 (2818 turns).

Promit the Digger (Draconian Earth Elementalist)    Turns: 2818, Time: 00:10:27

Health: -7/33      AC:  5    Str: 10    XL:     4   Next: 25%
Magic:  0/9        EV: 17    Int: 17    God:    Vehumet [......]
Gold:   54         SH:  0    Dex: 11    Spells: 2 memorised, 5 levels left

rFire  . . .     SeeInvis .     e - +0 short sword
rCold  . . .     Gourm    +     (armour unavailable)
rNeg   . . .     Faith    .     (no shield)
rPois  .         Spirit   .     (helmet restricted)
rElec  .         Reflect  .     (no cloak)
rCorr  +         Harm     .     (no gloves)
MR     .....                    (no boots)
Stlth  ++........               p - amulet of the gourmand
                                n - ring of resist corrosion
                                m - +5 ring of evasion

@: very slightly contaminated
A: unfitting armour, cold-blooded, AC +5
a: Renounce Religion


You were on level 2 of the Dungeon.
You worshipped Vehumet.
Vehumet was noncommittal.
You were very full.

You visited 1 branch of the dungeon, and saw 3 of its levels.

You collected 54 gold pieces.

Inventory:

Hand Weapons
 e - a +0 short sword (weapon)
Missiles
 b - 37 stones (quivered)
Jewellery
 m - a +5 ring of evasion (left hand)
 n - a ring of resist corrosion (right hand)
 p - an amulet of the gourmand (around neck)
Wands
 q - a wand of slowing (33/48)
Scrolls
 f - a scroll of recharging
Potions
 g - 2 potions of resistance
 i - a potion of haste {unknown}
 j - a potion of heal wounds {unknown}
 k - a potion of curing {unknown}
 l - a potion of might {unknown}
 o - a potion of brilliance {unknown}
Books
 d - a book of Geomancy

   Spells                             Type                      Level
   a - Sandblast                      Earth                        1
   b - Passwall                       Transmutation/Earth          2
   c - Stone Arrow                    Conjuration/Earth            3
   d - Petrify                        Transmutation/Earth          4
   e - Lee's Rapid Deconstruction     Earth                        5
Comestibles
 c - 2 bread rations
 h - a slice of pizza


   Skills:
 - Level 1.7 Dodging
 - Level 1.7 Stealth
 * Level 3.4 Spellcasting
 + Level 1.1 Conjurations
   Level 1.0 Transmutations
 + Level 3.7 Earth Magic


You had 5 spell levels left.
You knew the following spells:

 Your Spells              Type           Power        Failure   Level  Hunger
a - Sandblast             Erth           ###...       3%          1    None
b - Stone Arrow           Conj/Erth      ##....       21%         3    ###....


Dungeon Overview and Level Annotations

Branches:
Dungeon (3/15)

Altars:
Ru
Vehumet


Innate Abilities, Weirdness & Mutations

Your plain brown scales are hard. (AC +5)
You cannot fit into any form of body armour.
You are cold-blooded and may be slowed by cold attacks.


Message History

You miscast Stone Arrow.
You are very lightly contaminated with residual magic.
Sand pours from your hands.
Casting: Stone Arrow
Confirm with . or Enter, or press ? or * to list all spells.
Aiming: Stone Arrow
Press: ? - help, Shift-Dir - straight line, f/p - orc warrior
Aim: an orc warrior, wielding a flail of holy wrath and wearing a plate armour (moderately wounded)
You miscast Stone Arrow.
Sparks fly from your hands! The orc warrior misses you.
Casting: Stone Arrow
Confirm with . or Enter, or press ? or * to list all spells.
Aiming: Stone Arrow
Press: ? - help, Shift-Dir - straight line, f/p - orc warrior
Aim: an orc warrior, wielding a flail of holy wrath and wearing a plate armour (moderately wounded)
The stone arrow hits the orc warrior.
The orc warrior is heavily wounded.
The orc completely misses you.
The orc warrior hits you with a flail of holy wrath!
You die...

.....###########.# #.#
.#####........##.# #.#
'#.....######.##.# #.# ...#####
#.##.# #.# #### #.##.# ####.#
#######.##.# #....# ##.......##.#
#.#### ##.#######.#o## ##.##
##.#..≈≈≈..#.@o#####...#####
##.#..≈...≈..#..............#
#.#...≈._.≈...#.#####.^.###.# #
####.#..≈...≈..#...## ##.## #.###
....#.#..≈≈≈..#.....# #.# #.##.
#.#>...#######......####.####.#..
#<..###..........................
##### ####.#####...##########.#..
#.# ##.## #.##.


You could see an orc warrior and an orc.

Vanquished Creatures
  3 adders (D:2)
  4 dart slugs
  2 orcs
  3 giant cockroaches
  6 goblins
  5 hobgoblins
  3 jackals (D:1)
  5 kobolds
  4 bats
  6 frilled lizards
  6 rats
47 creatures vanquished.

Notes
Turn   | Place    | Note
-------+----------+-------------------------------------------
     0 | D:1      | Promit the Draconian Earth Elementalist began the quest for the Orb.
     0 | D:1      | Reached XP level 1. HP: 14/14 MP: 3/3
   390 | D:1      | Reached XP level 2. HP: 20/20 MP: 5/5
   960 | D:1      | Reached XP level 3. HP: 26/26 MP: 7/7
   973 | D:1      | Learned a level 3 spell: Stone Arrow
  1747 | D:2      | Found a sacrificial altar of Ru.
  1788 | D:2      | Found a faded altar of an unknown god.
  1788 | D:2      | Found a faded altar of an unknown god.
  1796 | D:2      | Found a faded altar of an unknown god.
  1798 | D:2      | Found a radiant altar of Vehumet.
  1800 | D:2      | Found a faded altar of an unknown god.
  1806 | D:2      | Became a worshipper of Vehumet
  2024 | D:2      | Reached XP level 4. HP: 13/33 MP: 0/9
  2613 | D:2      | Reached skill level 1 in Conjurations
  2646 | D:3      | Noticed an orc warrior
  2818 | D:2      | Mangled by an orc warrior

Skill      XL: |  1  2  3  4 |
---------------+-------------+-----
Spellcasting   | 3 |  3.4
Conjurations   | 1 |  1.1
Dodging        | |  1.7
Stealth        | |  1.7
Transmutations | |  1.0
Earth Magic    | |  3.7

Action                   |  1- 3 |  4- 6 || total
-------------------------+-------+-------++-------
Melee: Short sword       |   158 |    35 ||   193
       Tailslap          |    12 |     9 ||    21
 Cast: Sandblast         |     7 |       ||     7
       Stone Arrow       |       |     3 ||     3
  Use: Scroll            |     2 |       ||     2
       Potion            |       |     1 ||     1
 Stab: Sleeping          |     6 |       ||     6
  Eat: Chunk             |    13 |     5 ||    18
Armor: Skin              |    42 |       ||    42
Dodge: Dodged            |   121 |    30 ||   151
